 Dungeon Crawl Stone Soup version 0.25-a0-949-gdd2af9e06e (webtiles) character file.

Game seed: 13977150687688845640, levelgen mode: deterministic

648 tv1990 the Magician (level 7, -2/51 HPs)
             Began as a Mummy Wizard on May 8, 2020.
             Slain by Menkaure (7 damage)
             ... on level 5 of the Dungeon.
             The game lasted 00:21:41 (7131 turns).

tv1990 the Magician (Mummy Wizard)                  Turns: 7131, Time: 00:21:42

Health: -2/51      AC:  2    Str: 10    XL:     7   Next: 27%
Magic:  6/15       EV: 12    Int: 20    God:
Gold:   258        SH:  0    Dex: 10    Spells: 5/16 levels left

rFire    . . .     SeeInvis .   m - +0 spear
rCold    . . .     Gourm    .   (no shield)
rNeg     + + +     Faith    .   a - +0 robe
rPois    ∞         Spirit   .   b - +0 hat
rElec    .         Reflect  .   (no cloak)
rCorr    .         Harm     .   (no gloves)
MR       .....                  (no boots)
Stlth    ++........             (no amulet)
HPRegen  0.17/turn              c - ring of fire
MPRegen  0.14/turn              (no ring)

@: no status effects
A: no food or potions, fire vulnerability, cold resistance 1, negative energy
resistance 3, torment resistance, unbreathing
a: no special abilities


You were on level 5 of the Dungeon.
You were not hungry.

You visited 1 branch of the dungeon, and saw 5 of its levels.

You collected 258 gold pieces.

Inventory:

Hand Weapons
 d - a +0 club
 e - a +0 whip
 h - a +2 dagger of protection
 l - a +0 trident
 m - a +0 spear (weapon)
Armour
 a - a +0 robe (worn)
 b - a +0 hat (worn)
Jewellery
 c - a ring of fire (left hand)
 i - an uncursed amulet of guardian spirit
Wands
 p - a wand of scattershot (4)
Scrolls
 f - 4 scrolls of teleportation
 g - 3 scrolls of enchant armour
 j - a scroll of immolation {unknown}
 k - a scroll of random uselessness {unknown}
 n - a scroll of enchant weapon {unknown}
 o - a scroll of fog {unknown}
 q - a scroll of amnesia {unknown}
 r - a scroll of remove curse {unknown}


   Skills:
 + Level 2.7 Fighting
 - Level 1.5 Dodging
 - Level 1.5 Stealth
 + Level 5.4 Spellcasting
 + Level 2.7 Conjurations
 * Level 2.9 Summonings
 - Level 0.7 Translocations
 * Level 2.2 Air Magic
 * Level 2.4 Poison Magic


You had 5 spell levels left.
You knew the following spells:

 Your Spells              Type           Power        Failure   Level  Hunger
a - Magic Dart            Conj           ###.         3%          1    N/A
b - Call Imp              Summ           ###.....     4%          2    N/A
c - Blink                 Tloc           N/A          13%         2    N/A
d - Mephitic Cloud        Conj/Pois/Air  ###.....     12%         3    N/A
e - Conjure Flame         Conj/Fire      ###.....     19%         3    N/A

Your spell library contained the following spells:

 Spells                   Type           Power        Failure   Level  Hunger
 Slow                     Hex            #.......     17%         2    N/A

Dungeon Overview and Level Annotations

Branches:
Dungeon (5/15)
 Temple: D:4-7

Altars:
Nemelex Xobeh
Sif Muna
Uskayaw

Shops:
D:4 (

Annotations:
D:5 Menkaure


Innate Abilities, Weirdness & Mutations

You do not eat or drink.
Your flesh is vulnerable to fire.
You are immune to poison.
Your flesh is cold resistant. (rC+)
You are immune to negative energy. (rN+++)
You are immune to unholy pain and torment.
You can survive without breathing.


Message History

Your shadow imp hits Menkaure but does no damage.
Aim: Menkaure (heavily damaged, fast)
The magic dart hits Menkaure.
Menkaure hits you.
Your shadow imp hits Menkaure.
Aim: Menkaure (severely damaged, fast)
The magic dart hits Menkaure but does no damage.
Menkaure hits you.
Your shadow imp barely misses Menkaure.
Aim: Menkaure (severely damaged, fast)
The magic dart hits Menkaure.
Menkaure hits you. Menkaure hits you!!
* * * LOW HITPOINT WARNING * * *
Your shadow imp barely misses Menkaure.
Menkaure completely misses you.
Menkaure's bandages flutter.
Menkaure murmurs drily.
Menkaure is no longer moving quickly.
Menkaure mumbles some strange words.
Menkaure seems to speed up.
Your crimson imp blinks!
Your crimson imp disappears in a puff of smoke!
Menkaure hits you!
You die...

#............ ....
#........... #....
##.........## ##.....
#...........####......
##.....................
#......................
#.%....................
##.....................#
#......@.....#........##
##.....#M...###.......#
###..###...# #.......#
#..###...# ##55(...##
##..###..## #...#...#
#..###...###..###..#
##..##...5##.## ##..
#..#........# #..
##.........## ##.


You could see Menkaure and a friendly shadow imp.

Vanquished Creatures
  An ogre (D:5)
  A phantom (D:4)
  A hound (D:5)
  An orc priest (D:3)
  An orc wizard (D:4)
  Jessica (D:3)
  A worker ant (D:4)
  5 adders
  2 gnolls (D:3)
  An ooze (D:2)
  2 dart slugs
  13 orcs
  A ball python (D:3)
  3 giant cockroaches
  11 goblins
  6 hobgoblins
  2 jackals
  6 kobolds
  A quokka (D:2)
  6 bats
  2 frilled lizards
  2 jackal skeletons
  A quokka skeleton (D:5)
  6 rats
77 creatures vanquished.

Vanquished Creatures (collateral kills)
  2 ogres (D:4)
  A crimson imp (D:5)
  An orc priest (D:4)
  2 iguanas
  2 orc wizards
  A worker ant (D:4)
  2 gnolls (D:3)
  An adder (D:3)
  A shadow imp (D:5)
  A worm (D:2)
  2 dart slugs (D:1)
  11 orcs
  A goblin (D:1)
  2 hobgoblins (D:3)
  4 jackals
  A kobold (D:1)
  A frilled lizard (D:3)
36 creatures vanquished.

Grand Total: 113 creatures vanquished

Notes
Turn   | Place    | Note
-------+----------+-------------------------------------------
     0 | D:1      | tv1990 the Mummy Wizard began the quest for the Orb.
     0 | D:1      | Reached XP level 1. HP: 13/13 MP: 5/5
   102 | D:1      | Reached skill level 1 in Conjurations
   422 | D:1      | Reached XP level 2. HP: 20/20 MP: 4/7
   490 | D:1      | Learned a level 2 spell: Call Imp
   493 | D:1      | Learned a level 2 spell: Blink
  1114 | D:2      | Reached skill level 1 in Summonings
  1180 | D:2      | Reached XP level 3. HP: 24/25 MP: 2/8
  1201 | D:1      | Reached skill level 1 in Fighting
  1635 | D:2      | Found a sparkling altar of Nemelex Xobeh.
  2226 | D:2      | Reached XP level 4. HP: 30/32 MP: 5/10
  2568 | D:3      | Noticed Jessica
  2576 | D:3      | Killed Jessica
  2675 | D:3      | Learned a level 3 spell: Mephitic Cloud
  2679 | D:3      | Learned a level 3 spell: Conjure Flame
  2702 | D:3      | Found a shimmering blue altar of Sif Muna.
  3253 | D:2      | Reached XP level 5. HP: 14/38 MP: 1/12
  3828 | D:3      | Reached skill level 1 in Poison Magic
  4210 | D:3      | Reached skill level 1 in Air Magic
  4709 | D:3      | Noticed a +0 hand axe
  4709 | D:3      | Noticed a +0 hand axe
  4710 | D:3      | Found a hide-covered altar of Uskayaw.
  4725 | D:3      | Reached skill level 5 in Spellcasting
  5156 | D:4      | Noticed a phantom
  5225 | D:4      | Killed a phantom
  5225 | D:4      | Reached XP level 6. HP: 34/44 MP: 1/13
  5527 | D:4      | Found Vaoxzin's Weapon Shop.
  6306 | D:4      | Reached XP level 7. HP: 51/51 MP: 7/14
  6636 | D:5      | Entered Level 5 of the Dungeon
  7104 | D:5      | Noticed Menkaure
  7115 | D:5      | HP: 2/51 [Menkaure (24)]
  7131 | D:5      | Slain by Menkaure

Skill      XL: |  1  2  3  4  5  6  7 |
---------------+----------------------+-----
Conjurations   | 1 2 |  2.7
Summonings     | 1 2 |  2.9
Fighting       | 1 2 |  2.7
Poison Magic   | 1 2 |  2.4
Air Magic      | 1 2 |  2.2
Spellcasting   | 5 |  5.4
Dodging        | |  1.5
Stealth        | |  1.5
Translocations | |  0.7

Action                   |  1- 3 |  4- 6 |  7- 9 || total
-------------------------+-------+-------+-------++-------
Melee: Club              |     7 |       |       ||     7
       Unarmed           |     1 |       |       ||     1
       Whip              |    21 |       |       ||    21
       Dagger            |     5 |    11 |       ||    16
       Spear             |       |    68 |    12 ||    80
       Trident           |       |     2 |       ||     2
 Cast: Magic Dart        |    96 |   108 |    19 ||   223
       Call Imp          |     8 |    59 |     9 ||    76
  Use: Scroll            |     2 |     1 |       ||     3
 Stab: Sleeping          |     1 |       |       ||     1
       Distracted        |       |     5 |       ||     5
Armor: Robe              |    13 |     4 |     3 ||    20
Dodge: Dodged            |    44 |    37 |     7 ||    88

Levels and vault maps discovered:
D:1:      dpeg_arrival_round_c, layout_basic, serial_park_tiny_1,
          minmay_misc_feat_ornament
D:2:      layout_rooms, nemelex_xobeh_ov_fountains_minmay
D:3:      layout_basic, dancing_weapons_uskayaw, nicolae_overflow_crystal_walls,
          uniq_jessica
D:4:      layout_loops_corners, serial_shops, shop
D:5:      layout_layer_cave, first_ration, uniq_menkaure, uniq_edmund
